Map: [ESL] Data-C

Players

Solar

  • Race: Zerg Zerg
  • Spawn Location: 3:00

Reynor - Winner!

  • Race: Protoss Protoss
  • Spawn Location: 9:00

Event: DreamHack SC2 Masters 2022 Valencia

VOD

Have the link to the VOD?

Description

Time

  • Played on: July 1, 2022, 2:14 p.m.
  • Length: 17:12

All games in this series

Show
View Real Time Build Order
Export as new Build Order

Solar Zerg 

Build Orders: Hatch First 

Get SALT Encoding   

  12  0:00  Drone  
  13  0:12  Overlord  
  13  0:17  Drone  
  14  0:30  Drone x2  
  16  0:47  Hatchery  
  15  0:51  Drone  
  15  0:54  Drone  
  17  0:57  Drone  
  18  1:09  Extractor  
  17  1:13  Spawning Pool  
  17  1:16  Drone  
  17  1:20  Drone  
  18  1:27  Drone  
  19  1:38  Drone  
  20  1:49  Overlord  
  20  1:59  Queen  
  20  2:00  Queen, Zergling x4  
  26  2:11  Drone x2  
  26  2:13  Metabolic Boost  
  28  2:21  Drone x2  
  30  2:37  Hatchery  
  30  2:41  Drone x2  
  31  2:47  Queen  
  31  2:51  Overlord  
  33  2:56  Drone x2  
  35  2:59  Drone  
  36  3:10  Drone x5  
  41  3:16  Queen  
  41  3:19  Overlord  
  43  3:22  Drone  
  44  3:28  Spore Crawler, Drone  
  44  3:36  Evolution Chamber  
  44  3:37  Queen  
  44  3:39  Overlord  
  45  3:43  Drone x2  
  45  3:46  Spore Crawler  
  45  3:50  Drone x2  
  45  3:53  Queen  
  49  3:56  Drone  
  49  4:00  Drone x2  
  49  4:02  Drone  
  53  4:04  Drone x2  
  53  4:09  Overlord  
  55  4:10  Zerg Melee Weapons Level 1  
  55  4:14  Drone  
  55  4:15  Drone x2  
  58  4:21  Drone x4  
  58  4:23  Drone  
  63  4:26  Drone  
  63  4:28  Drone x2  
  63  4:31  Overlord  
  63  4:34  Drone  
  63  4:35  Drone  
  58  4:38  Drone  
  58  4:41  Drone  
  58  4:42  Drone  
  58  4:43  Drone  
  58  4:45  Drone  
  63  4:46  Drone  
  63  4:48  Drone  
  63  4:52  Drone x3  
  68  4:57  Lair  
  68  4:58  Drone x2  
  68  4:59  Drone  
  71  5:01  Extractor  
  71  5:04  Roach Warren  
  69  5:08  Zergling x2  
  69  5:09  Zergling x4  
  69  5:12  Drone x4  
  76  5:15  Extractor  
  76  5:16  Drone, Extractor  
  76  5:20  Drone x3  
  77  5:24  Overlord  
  77  5:29  Hatchery  
  77  5:30  Overlord  
  77  5:31  Drone  
  77  5:33  Zergling x2  
  77  5:34  Zergling x2  
  77  5:35  Zergling x2  
  80  5:37  Zergling x2  
  80  5:40  Zergling x2  
  81  5:43  Zergling x10  
  81  5:45  Zergling x4  
  81  5:47  Zergling x2  
  87  5:50  Zergling x2  
  87  5:52  Drone x3  
  87  5:53  Drone  
  92  5:57  Zergling x2  
  92  6:02  Zergling x2  
  94  6:04  Drone  
  94  6:05  Baneling Nest  
  94  6:07  Zerg Melee Weapons Level 2  
  94  6:08  Zergling x2  
  94  6:10  Overlord  
  95  6:11  Zergling x4  
  95  6:12  Drone  
  95  6:16  Overlord  
  97  6:19  Glial Reconstitution  
  97  6:21  Overlord  
  97  6:23  Overlord  
  97  6:29  Zergling x8  
  97  6:31  Roach x2  
  105  6:35  Zergling x2  
  105  6:38  Zergling x6  
  107  6:41  Zergling x2  
  107  6:45  Zergling x4  
  110  6:47  Queen  
  110  6:48  Queen  
  110  6:50  Zergling x8, Hatchery  
  110  6:52  Drone x2  
  115  6:54  Drone  
  115  6:57  Zergling x2  
  115  6:59  Centrifugal Hooks, Drone x2  
  117  7:05  Evolution Chamber  
  117  7:08  Zergling x2  
  117  7:12  Drone x2  
  119  7:17  Baneling x13  
  119  7:19  Drone  
  119  7:20  Drone  
  119  7:22  Drone  
  122  7:29  Drone  
  116  7:31  Spore Crawler x2  
  116  7:32  Roach x2  
  116  7:33  Hatchery  
  114  7:41  Roach x3, Overlord  
  114  7:42  Drone  
  114  7:43  Drone x2  
  123  7:44  Drone  
  124  7:52  Drone x2  
  124  7:55  Roach  
  124  7:56  Zerg Missile Weapons Level 1  
  124  7:57  Zergling x2  
  129  7:59  Overlord  
  129  8:00  Overlord  
  129  8:01  Hatchery  
  129  8:02  Roach  
  130  8:05  Queen  
  130  8:07  Roach x2, Zergling x2  
  130  8:10  Drone x3  
  140  8:13  Overlord  
  140  8:14  Zergling x4  
  140  8:15  Zergling x2  
  143  8:21  Zergling x6  
  143  8:23  Zerg Ground Armor Level 1  
  143  8:24  Roach  
  143  8:25  Baneling x9  
  148  8:27  Roach x2  
  148  8:28  Zergling x2  
  153  8:34  Overlord  
  153  8:37  Drone  
  153  8:39  Drone  
  153  8:40  Zergling x10  
  153  8:41  Drone  
  161  8:44  Infestation Pit  
  161  8:46  Zergling x10  
  162  8:49  Drone  
  162  8:52  Drone x2  
  162  8:53  Drone  
  162  8:54  Zergling x4  
  168  8:55  Drone  
  168  8:57  Burrow  
  168  8:59  Spore Crawler  
  168  9:00  Zergling x4  
  168  9:01  Ravager x2  
  168  9:02  Baneling x11  
  172  9:06  Zergling x4  
  172  9:08  Overlord  
  172  9:09  Baneling x8  
  172  9:11  Zergling x16  
  172  9:13  Roach x2  
  182  9:18  Zergling x10  
  182  9:21  Zergling x2  
  182  9:23  Overlord  
  188  9:26  Overseer  
  188  9:28  Zergling x12  
  188  9:29  Zergling x2  
  194  9:32  Hive  
  194  9:35  Drone x2  
  194  9:41  Overlord  
  180  9:47  Zergling x20  
  180  9:49  Zergling x8  
  184  9:54  Baneling x9  
  184  9:56  Zergling x8  
  184  9:59  Zergling x10  
  192  10:00  Extractor  
  192  10:01  Zergling x6  
  190  10:08  Spore Crawler, Drone  
  190  10:09  Zergling x6  
  190  10:12  Zergling x2  
  190  10:13  Zergling x6  
  196  10:16  Zergling x2  
  192  10:22  Extractor  
  192  10:25  Zergling x10  
  192  10:27  Zergling x6  
  198  10:32  Baneling x14  
  198  10:33  Zergling x2  
  199  10:40  Zergling x10  
  194  10:46  Ultralisk Cavern  
  194  10:48  Extractor  
  188  10:51  Zergling x16  
  188  10:52  Zergling x12  
  188  10:56  Zergling x8  
  197  11:00  Adrenal Glands  
  197  11:03  Zergling x10  
  199  11:10  Zerg Ground Armor Level 2, Zergling x2  
  199  11:20  Extractor  
  199  11:21  Zergling x6  
  199  11:24  Zergling x2  
  196  11:29  Baneling  
  196  11:30  Baneling x9  
  195  11:33  Zerg Melee Weapons Level 3, Zergling x2  
  195  11:34  Zergling x8  
  195  11:35  Zergling x2  
  190  11:41  Zergling x4  
  190  11:42  Zergling x14  
  190  11:44  Zergling x12  
  174  11:51  Zergling x2  
  174  11:52  Zergling x8  
  156  11:54  Chitinous Plating  
  156  11:55  Ultralisk, Zergling x6  
  156  11:57  Baneling x3  
  156  11:58  Zergling x8  
  156  12:01  Zergling x12  
  173  12:04  Zergling x4  
  173  12:07  Ultralisk  
  181  12:10  Baneling x7  
  181  12:11  Zergling x6  
  181  12:13  Queen x2  
  181  12:14  Queen x2  
  193  12:15  Zergling x4  
  193  12:17  Baneling x2  
  193  12:21  Zergling x8  
  194  12:27  Ultralisk  
  194  12:28  Baneling x6  
  200  12:35  Baneling x2  
  200  12:42  Zergling x2  
  197  12:55  Zergling x32  
  197  12:56  Zergling x6  
  191  13:02  Ultralisk, Zergling x2  
  191  13:03  Zergling x6  
  197  13:08  Queen, Zergling x6  
  197  13:10  Overlord x4  
  197  13:12  Overlord x3  
  183  13:19  Ultralisk x3, Zergling x8  
  168  13:22  Anabolic Synthesis  
  168  13:25  Zergling x6  
  136  13:30  Drone x4  
  136  13:33  Ultralisk  
  121  13:34  Zergling x6  
  121  13:35  Zergling x2  
  121  13:38  Zergling x4  
  121  13:39  Zergling x2  
  121  13:41  Zergling x2  
  124  13:45  Zergling x2  
  124  13:46  Zergling x6  
  124  13:47  Zergling x4  
  124  13:48  Zergling x2  
  129  13:50  Zergling x4  
  129  13:55  Zergling x8  
  133  13:56  Queen  
  133  13:58  Queen  
  133  14:02  Zergling x6  
  137  14:06  Baneling x6  
  137  14:09  Baneling  
  135  14:13  Zergling x12  
  135  14:16  Baneling x2, Zergling x6  
  141  14:22  Zergling x8  
  137  14:26  Zergling x2  
  137  14:30  Zergling x14  
  121  14:36  Zergling x10  
  122  14:39  Drone  
  122  14:44  Zergling x8  
  126  14:47  Drone  
  126  14:51  Baneling x7  
  126  14:52  Drone, Baneling x4  
  128  14:56  Zergling x10  
  131  15:03  Zergling x2  
  131  15:06  Queen x2  
  128  15:08  Zergling x10  
  128  15:12  Zergling x8  
  128  15:15  Zergling x8  
  128  15:18  Zergling x2  
  128  15:19  Zergling x4  
  127  15:22  Drone  
  127  15:23  Drone  
  127  15:27  Zergling x4  
  127  15:32  Ultralisk, Zergling x2  
  127  15:33  Zergling x2  
  127  15:34  Baneling  
  135  15:35  Baneling  
  135  15:36  Baneling x6  
  135  15:38  Zergling x6  
  135  15:40  Zergling x2  
  135  15:41  Zergling x2  
  133  15:43  Baneling  
  133  15:44  Queen, Baneling x2  
  133  15:45  Queen  
  133  15:47  Zergling x6  
  140  15:55  Zergling x16  
  148  15:58  Baneling x2  
  148  15:59  Baneling x2, Zergling x4  
  148  16:00  Drone x2  
  150  16:05  Drone  
  150  16:07  Zergling x2  
  150  16:12  Zergling x8  
  150  16:18  Zergling x10  
  159  16:21  Zergling x4  
  159  16:25  Ultralisk, Zergling x6  
  168  16:30  Baneling x9  
  172  16:32  Drone x2  
  172  16:33  Drone  
  172  16:34  Drone x2  
  172  16:35  Zergling x2  
  170  16:42  Zergling x8  
  170  16:43  Zergling x4  
  170  16:44  Baneling x7  
  169  16:50  Drone x13, Zergling x4  
  169  16:53  Zergling x6  
Show
View Real Time Build Order
Export as new Build Order

Reynor Protoss - Winner!

Build Orders: 1 Gate Expand, Oracle Opening 

Get SALT Encoding   

  12  0:00  Probe  
  13  0:12  Probe  
  14  0:17  Pylon  
  14  0:24  Probe  
  15  0:36  Probe (Chrono Boost)  
  15  0:37  Gateway  
  16  0:43  Assimilator  
  16  0:48  Probe (Chrono Boost)  
  17  0:56  Probe (Chrono Boost)  
  18  1:03  Probe (Chrono Boost)  
  19  1:14  Probe (Chrono Boost)  
  20  1:26  Nexus  
  20  1:36  Cybernetics Core  
  20  1:39  Probe  
  21  1:44  Assimilator  
  21  1:51  Probe  
  22  1:54  Pylon  
  22  2:03  Probe  
  23  2:12  Adept  
  23  2:15  Probe (Chrono Boost)  
  26  2:19  Stargate  
  26  2:27  Probe (Chrono Boost)  
  26  2:28  Warp Gate  
  27  2:33  Probe (Chrono Boost)  
  28  2:37  Probe  
  28  2:41  Probe  
  28  2:42  Adept  
  32  2:49  Probe  
  33  2:53  Probe  
  34  2:59  Oracle (Chrono Boost)  
  34  3:01  Probe  
  38  3:05  Probe  
  38  3:07  Gateway  
  39  3:13  Probe  
  39  3:18  Probe  
  41  3:29  Nexus  
  41  3:30  Oracle (Chrono Boost)  
  44  3:38  Pylon  
  44  3:41  Probe  
  44  3:43  Probe  
  46  3:56  Probe x2  
  46  3:58  Oracle (Chrono Boost), Assimilator  
  46  4:01  Pylon  
  51  4:08  Probe x2  
  53  4:16  Twilight Council  
  53  4:18  Forge  
  53  4:20  Probe x2  
  55  4:32  Probe x2  
  54  4:40  Stalker x2  
  54  4:41  Probe  
  54  4:44  Probe x2, Blink (Chrono Boost)  
  61  4:46  Gateway  
  61  4:47  Gateway  
  61  4:53  Probe  
  61  4:55  Protoss Ground Weapons Level 1  
  61  4:56  Probe  
  61  4:57  Probe  
  64  5:03  Stalker x2  
  64  5:05  Probe  
  69  5:07  Pylon  
  69  5:08  Probe  
  69  5:09  Probe  
  71  5:17  Probe  
  71  5:20  Probe  
  73  5:26  Stalker x2  
  73  5:28  Probe  
  78  5:29  Probe  
  78  5:34  Nexus  
  79  5:37  Pylon  
  79  5:39  Probe, Shield Battery  
  80  5:44  Stalker  
  80  5:45  Stalker, Probe  
  85  5:55  Stalker, Probe x2  
  85  5:56  Stalker  
  91  5:59  Pylon, Probe  
  92  6:07  Probe  
  93  6:17  Probe x2  
  95  6:20  Pylon  
  95  6:21  Charge (Chrono Boost)  
  95  6:23  Gateway  
  95  6:24  Gateway  
  95  6:25  Assimilator  
  95  6:26  Oracle, Gateway  
  95  6:27  Gateway  
  95  6:31  Probe  
  99  6:33  Probe  
  100  6:40  Pylon  
  100  6:41  Pylon  
  100  6:44  Probe  
  97  6:50  Stalker x3  
  97  6:54  Probe  
  86  7:01  Gateway  
  86  7:02  Gateway  
  86  7:03  Probe x2  
  86  7:05  Photon Cannon, Protoss Ground Weapons Level 2 (Chrono Boost)  
  86  7:06  Nexus, Probe  
  86  7:07  Pylon  
  89  7:10  Stalker  
  89  7:15  Stalker x3, Probe  
  97  7:17  Probe  
  97  7:18  Probe  
  97  7:19  Stalker  
  102  7:27  Nexus  
  102  7:28  Probe  
  102  7:29  Shield Battery  
  103  7:30  Oracle (Chrono Boost), Pylon, Probe, Assimilator  
  103  7:31  Assimilator  
  106  7:43  Pylon  
  106  7:44  Gateway  
  106  7:45  Pylon  
  106  7:49  Probe x2  
  108  7:53  Photon Cannon  
  108  7:55  Photon Cannon, Templar Archives  
  108  7:56  Probe  
  108  7:57  Forge  
  109  8:01  Stalker  
  109  8:02  Stalker  
  109  8:04  Probe  
  114  8:07  Photon Cannon  
  114  8:10  Probe x2  
  116  8:15  Assimilator  
  116  8:17  Assimilator  
  116  8:19  Pylon  
  116  8:23  Probe  
  116  8:24  Probe  
  116  8:26  Photon Cannon, Probe  
  119  8:28  Shield Battery  
  119  8:31  Protoss Shields Level 1 (Chrono Boost)  
  119  8:33  High Templar x2  
  123  8:35  Probe  
  123  8:39  Probe  
  125  8:42  Probe  
  125  8:47  High Templar x2  
  130  8:48  Archon  
  130  8:52  Probe  
  130  8:53  Probe  
  132  8:57  Pylon, Shield Battery  
  132  8:59  Archon, Shield Battery  
  132  9:00  Shield Battery  
  132  9:03  Pylon, High Templar x2  
  132  9:06  Zealot x6  
  132  9:08  Archon  
  148  9:14  Photon Cannon  
  148  9:16  Oracle, Photon Cannon, Probe  
  152  9:22  High Templar  
  152  9:24  High Templar  
  156  9:25  Probe x2  
  156  9:30  Archon  
  158  9:35  Pylon  
  158  9:39  Sentry  
  158  9:40  Sentry  
  158  9:41  Protoss Ground Armor Level 1 (Chrono Boost)  
  152  9:45  Zealot  
  152  9:46  Zealot x5  
  158  9:53  Pylon  
  158  9:57  High Templar x2  
  162  10:01  Archon, Probe  
  161  10:11  Gateway  
  161  10:12  Gateway  
  161  10:13  Gateway  
  161  10:14  High Templar  
  161  10:15  High Templar, Gateway  
  161  10:16  Gateway  
  161  10:20  Gateway  
  161  10:21  Pylon  
  161  10:22  Archon, Protoss Shields Level 2 (Chrono Boost)  
  161  10:25  Zealot x6  
  173  10:34  High Templar x2  
  177  10:37  Nexus  
  177  10:41  Archon  
  160  10:45  Zealot x5  
  160  10:46  Zealot x2  
  160  10:47  High Templar x2  
  160  10:48  Shield Battery  
  172  10:50  Shield Battery  
  172  10:53  Pylon  
  172  10:58  Probe  
  172  11:01  Archon  
  161  11:05  Photon Cannon x2  
  161  11:07  High Templar x2  
  161  11:09  Zealot x7  
  177  11:12  Archon  
  177  11:18  Probe x2  
  177  11:20  Probe  
  177  11:23  Pylon  
  176  11:25  Probe  
  176  11:27  Shield Battery  
  176  11:28  High Templar  
  176  11:29  High Templar  
  181  11:32  Protoss Ground Armor Level 2 (Chrono Boost)  
  181  11:33  Archon  
  181  11:39  Zealot x7  
  195  11:45  Nexus  
  179  11:47  Pylon  
  179  11:49  High Templar  
  179  11:50  High Templar  
  179  11:51  Probe x2  
  155  11:54  Archon  
  155  12:01  Robotics Facility, Zealot x3  
  155  12:02  Zealot x12  
  185  12:11  Pylon  
  185  12:17  Probe x2  
  187  12:23  High Templar x2  
  187  12:24  High Templar x2  
  187  12:28  Protoss Shields Level 3 (Chrono Boost)  
  187  12:29  Nexus  
  195  12:30  Pylon, Archon x2  
  195  12:32  Shield Battery  
  195  12:34  Photon Cannon, Probe  
  195  12:35  Probe  
  195  12:36  Pylon  
  197  12:42  Stalker  
  198  12:47  Nexus  
  198  12:49  Probe x2  
  200  12:51  Photon Cannon  
  200  12:53  Photon Cannon  
  200  12:58  Probe  
  193  13:01  Zealot x5  
  200  13:08  Probe  
  188  13:18  Zealot x10  
  147  13:34  Pylon  
  137  13:38  High Templar x7  
  137  13:40  Zealot x7  
  161  13:41  Probe  
  161  13:46  Archon x3  
  158  13:48  Immortal (Chrono Boost)  
  158  13:53  Probe  
  158  13:54  High Templar  
  161  13:58  Archon  
  161  13:59  Zealot  
  163  14:06  Zealot x7  
  163  14:07  Probe x2  
  179  14:20  Observer  
  172  14:24  High Templar x2  
  172  14:26  Pylon  
  136  14:34  Zealot x3  
  136  14:35  Zealot x11  
  136  14:37  Archon, Assimilator  
  144  14:39  Zealot  
  144  14:43  Immortal (Chrono Boost)  
  146  14:56  High Templar x2  
  146  14:57  High Templar x2  
  146  14:59  Zealot x9  
  165  15:01  Archon  
  165  15:03  Archon  
  165  15:05  Assimilator x2  
  165  15:06  Zealot  
  165  15:07  Zealot x2  
  159  15:13  Zealot  
  155  15:18  Probe x2  
  151  15:23  Immortal (Chrono Boost)  
  151  15:24  Pylon  
  147  15:31  High Templar  
  147  15:32  High Templar x2  
  147  15:33  Zealot x8  
  169  15:36  Archon  
  167  15:45  Zealot x4  
  167  15:49  Immortal (Chrono Boost)  
  175  15:50  High Templar  
  181  15:58  Archon  
  181  16:00  High Templar x2  
  183  16:08  Probe  
  183  16:10  Zealot x5  
  184  16:11  Zealot x3  
  184  16:14  High Templar x2  
  184  16:15  Warp Prism (Chrono Boost)  
  196  16:25  Archon  
  190  16:28  Stalker  
  190  16:29  Stalker x4  
  190  16:30  Archon  
  200  16:36  Shield Battery  
  188  16:44  Zealot x6  
  188  16:45  Zealot x2  
  198  16:51  Zealot x5  
  179  16:57  Zealot x3  
  143  17:09  High Templar x2  

Tags
 
Add a new tag
Caveats
  • Supply blocks, unpowered buildings, or Contaminate may cause inaccurate times.
  • Supply counts are checked every 10 seconds.